 Dungeon Crawl Stone Soup version 0.28-a0-1395-g4f6bc678fa (webtiles) character file.

Game seed: 1808559568460479603

3 Deminshera the Vexing (level 1, 15/15 HPs)
             Began as a Formicid Arcane Marksman on Jan 4, 2022.
             Quit the game on level 1 of the Dungeon.
             The game lasted 00:00:37 (48 turns).

Deminshera the Vexing (Formicid Arcane Marksman)      Turns: 48, Time: 00:00:37

Health: 15/15      AC:  2    Str: 14    XL:     1   Next: 55%
Magic:  2/2        EV: 12    Int: 12    God:
Gold:   0          SH:  0    Dex: 11    Spells: 1/2 levels left

rFire   . . .      SeeInvis +   a - +0 hand crossbow
rCold   . . .      Faith    .   (no shield)
rNeg    . . .      Spirit   .   d - +0 robe
rPois   .          Reflect  .   (helmet unavailable)
rElec   .          Harm     .   (no cloak)
rCorr   .          Rampage  .   (no gloves)
Will    .....                   (no boots)
Stlth   +.........              (no amulet)
HPRegen 0.05/turn               (no ring)
MPRegen 0.08/turn               (no ring)

@: no status effects
A: permanent stasis, dig shafts and tunnels, antennae 3, four strong arms
a: Dig, Shaft Self


You were on level 1 of the Dungeon.
You visited 1 branch of the dungeon, and saw 1 of its levels.

Inventory:

Hand Weapons
 a - a +0 hand crossbow (weapon)
Missiles
 c - 17 bolts (quivered ammo)
Armour
 d - a +0 robe (worn)


   Skills:
 - Level 1.1 Fighting
 + Level 2.1 Crossbows
 - Level 1.7 Dodging
 + Level 1.2 Spellcasting
 + Level 3.7 Hexes


You had one spell level left.
You knew the following spells:

 Your Spells              Type           Power      Damage    Failure   Level
a - Slow                  Hex            36%        N/A       6%          1

Your spell library contained the following spells:

 Spells                   Type           Power      Damage    Failure   Level
 Inner Flame              Hex/Fire       5%         N/A       38%         3
 Portal Projectile        Hex/Tloc       10%        N/A       38%         3
 Cause Fear               Hex            4%         N/A       54%         4


Dungeon Overview and Level Annotations

Branches:
Dungeon (1/15)

Altars:


Innate Abilities, Weirdness & Mutations

You cannot be hasted, slowed, berserked, paralysed or teleported.
You can dig through walls and to a lower floor.
You have a pair of large antennae on your head. (SInv)
Your four strong arms can wield two-handed weapons with a shield.


Message History

There is an open door here.
You open the door.
There is an open door here.
You sense a monster nearby.
Found 22 arrows.
Found a faded altar of an unknown god.
A kobold comes into view. It is wielding a +0 whip.
Found a short smoking staff.
Your line of fire to the kobold is blocked by a plant.
Continue anyway?
Okay, then.
The kobold shouts!
A goblin comes into view. It is wielding a +0 dagger.
The goblin shouts!
You shoot a bolt. The bolt hits the kobold!
You kill the kobold!
You shoot a bolt. The bolt closely misses the goblin.
You shoot a bolt. The bolt closely misses the goblin.
You shoot a bolt. The bolt barely misses the goblin.
The goblin hits you but does no damage.
You shoot a bolt. The bolt hits the goblin!
You kill the goblin!
No target in view!
No target in view!
c - 16 bolts (gained 1)
Things that are here:
a +0 dagger; a +0 whip; a goblin corpse An endoplasm comes into view.
You see here a bolt.
The endoplasm quivers.
You see here 22 arrows.
You see here a bolt.
c - 17 bolts (gained 1)
You shoot a bolt. The bolt hits the endoplasm.
The endoplasm is almost dead.
You shoot a bolt. The bolt hits the endoplasm.
You kill the endoplasm!
c - 16 bolts (gained 1)
You see here 22 arrows.
c - 17 bolts (gained 1) Are you sure you want to abandon this character and quit the game? (Confirm with "yes".)

#...#
##.....
##.......
#........
##..♣♣.PP.
#..P......
#...PP_PP.
##(.PP.♣♣PP
#@...P♣♣
#.#.P...PPP
#.##.|.....
#)# #.###.#
#####.# ...
. #...#.#
####
###'#...#
#..###.##
###'#+ #...


There were no monsters in sight!

Vanquished Creatures
  An endoplasm (D:1)
  A goblin (D:1)
  A kobold (D:1)
3 creatures vanquished.

Notes
Turn   | Place    | Note
-------+----------+-------------------------------------------
     0 | D:1      | Deminshera the Formicid Arcane Marksman began the quest for
                  | the Orb.
     0 | D:1      | Reached XP level 1. HP: 15/15 MP: 2/2
    16 | D:1      | Found a faded altar of an unknown god.
    48 | D:1      | Quit the game

Illustrated notes

Levels and vault maps discovered:
D:1:      erik_arrival_triangle_small, layout_loops_ring,
          dreamdust_ecumenical_altar_grove, st_stairs_1

Action                   || total
-------------------------++-------
 Fire: Hand crossbow     ||     7
Armor: Robe              ||     1

Table legend: (Time is in decaauts)
 A = Elapsed time spent in this place.
 B = Non-inter-level travel time spent in this place.
 C = Inter-level travel time spent in this place.
 D = Time resting spent in this place.
 E = Time spent auto-exploring this place.
 F = Levels seen in this place.
 G = Mean time per level.
                   A        B        C        D        E       F      G
               +--------+--------+--------+--------+--------+-----+--------+
         Total |     50 |     50 |      0 |      0 |     14 |   1 |   50.0 |
       Dungeon |     50 |     50 |      0 |      0 |     14 |   1 |   50.0 |
               +--------+--------+--------+--------+--------+-----+--------+

Top non-repeatable levels by time:
     D:1: 50 daAuts
